 Dungeon Crawl Stone Soup version 0.25.1-8-g42b30a86e7 (webtiles) character file.

Game seed: 1757195571759702653

1893 Gabide the Poker (level 9, -6/68 HPs)
             Began as a Human Abyssal Knight on Dec 4, 2020.
             Was a Priest of Lugonu.
             Splashed by an orc wizard's acid (14 damage)
             ... on level 6 of the Dungeon.
             The game lasted 00:15:09 (8377 turns).

Gabide the Poker (Human Abyssal Knight)             Turns: 8377, Time: 00:15:10

Health: -6/68      AC:  8    Str: 17    XL:     9   Next: 37%
Magic:  12/12      EV: 12    Int: 12    God:    Lugonu [***...]
Gold:   185        SH:  0    Dex: 18    Spells: 8/8 levels left

rFire    . . .     SeeInvis .   q - +0 glaive
rCold    . . .     Gourm    .   (shield currently unavailable)
rNeg     . . .     Faith    .   b - +1 chain mail
rPois    .         Spirit   .   m - +2 hat
rElec    .         Reflect  .   (no cloak)
rCorr    .         Harm     .   (no gloves)
MR       .....                  (no boots)
Stlth    ..........             (no amulet)
HPRegen  0.21/turn              o - +4 ring of evasion
MPRegen  0.13/turn              k - +6 ring of dexterity

@: corroded
A: no striking features
a: Depart the Abyss, Bend Space, Banish, Renounce Religion


You were on level 6 of the Dungeon.
You worshipped Lugonu.
Lugonu was most pleased with you.
You were not hungry.

You visited 1 branch of the dungeon, and saw 6 of its levels.
You visited the Abyss 1 time.

You collected 185 gold pieces.

Inventory:

Hand Weapons
 a - a +2 spear
 q - a +0 glaive (weapon)
Missiles
 p - 18 poisoned darts (quivered)
Armour
 b - a +1 chain mail (worn)
 i - a +0 kite shield
 m - a +2 hat (worn)
Jewellery
 j - an uncursed ring of protection from fire
 k - a +6 ring of dexterity (right hand)
 o - a +4 ring of evasion (left hand)
 s - an uncursed ring of wizardry
Wands
 l - a wand of random effects (18)
 n - a wand of flame (13)
Scrolls
 e - a scroll of identify
 f - 2 scrolls of remove curse
 r - 3 scrolls of teleportation
Potions
 d - 3 potions of flight
 h - a potion of curing
Comestibles
 c - 14 rations


   Skills:
 + Level 5.3 Fighting
 * Level 7.8 Polearms
 + Level 4.7 Armour
 + Level 2.1 Dodging
 - Level 3.3 Shields
 * Level 5.2 Invocations


You had 8 spell levels left.
You didn't know any spells.
Your spell library contained the following spells:

 Spells                   Type           Power        Failure   Level  Hunger
 Animate Skeleton         Necr           N/A          99%         1    ##.....
 Pain                     Necr           #...         99%         1    ##.....
 Vampiric Draining        Necr           #.........   100%        3    ####...
 Animate Dead             Necr           N/A          100%        4    #####..
 Agony                    Necr           #.......     100%        5    ######.


Dungeon Overview and Level Annotations

Branches:
Dungeon (6/15)             Temple (0/1) D:5

Altars:
Ashenzari
Dithmenos
Fedhas
Nemelex Xobeh
Qazlal
Sif Muna
Trog
Uskayaw
Wu Jian
Xom
The Shining One

Shops:
D:5 %

Annotations:
D:3 3 runed translucent doors, DerDa's ghost, amateur GnWn


Message History

Aim: a bullfrog (moderately wounded)
You throw a poisoned dart. The bullfrog closely misses you.
You barely miss the bullfrog.
The bullfrog is moderately wounded.
The bullfrog misses you.
The bullfrog hits you but does no damage.
You closely miss the bullfrog.
The bullfrog is moderately wounded.
The bullfrog misses you. The bullfrog closely misses you.
You barely miss the bullfrog.
The bullfrog is moderately wounded.
You feel less confused. The bullfrog hits you.
You hear a zap.
A bolt of acid appears from out of thin air!
The bolt of acid hits you!
* * * LOW HITPOINT WARNING * * *
You are splashed with acid!
You die...

#..#..# #.###.##
#..#..# ### #.##
###..#..# #.##
.....#..# #.##
....h#..# #<##
.#####..#####..
#...
.....#..#......
##
.....#..#5.....
###..#@.#..####
......#F{#.....
......#(.#......
..#####..#####..
. #..#...... #
... #..#......
###..#.(#..####
.....#.(#.....
.....#..#......


You could see a bullfrog and a crimson imp.

Vanquished Creatures
  Pikel (D:5)
  An orc warrior (D:6)
  2 slaves (D:5)
  An ice beast (D:6)
  A sky beast (D:6)
  4 ogres
  A centaur (D:5)
  A scorpion (D:6)
  A water moccasin skeleton (D:4)
  A crimson imp (D:6)
  A hound (D:6)
  2 orc priests
  2 orc wizards (D:4)
  A bullfrog skeleton (D:5)
  Natasha (twice) (D:3)
  4 worker ants
  Terence (D:3)
  A hound zombie (D:6)
  A hound skeleton (D:5)
  4 gnolls (D:5)
  8 adders
  A worm (D:2)
  8 dart slugs
  3 leopard geckos
  18 orcs
  6 bats
  7 giant cockroaches
  10 goblins
  3 hobgoblins
  6 jackals
  11 kobolds
  4 quokkas
  A ball python skeleton (D:6)
  8 frilled lizards
  A jackal skeleton (D:5)
  A leopard gecko skeleton (D:4)
  10 rats
139 creatures vanquished.

Notes
Turn   | Place    | Note
-------+----------+-------------------------------------------
     0 | Abyss:1  | Gabide the Human Abyssal Knight began the quest for the
                  | Orb.
     0 | Abyss:1  | Reached XP level 1. HP: 18/18 MP: 2/2
   100 | Abyss:1  | Noticed an insubstantial wisp
   101 | D:1      | Escaped the Abyss
   443 | D:1      | Reached XP level 2. HP: 24/24 MP: 3/3
   721 | D:1      | Reached * piety under Lugonu
   887 | D:1      | Reached XP level 3. HP: 30/30 MP: 4/4
  1469 | D:2      | Found a shattered altar of Ashenzari.
  1514 | D:2      | Found a faded altar of an unknown god.
  1833 | D:2      | Found a shimmering altar of Xom.
  1853 | D:2      | Reached XP level 4. HP: 37/37 MP: 5/5
  2270 | D:3      | Reached ** piety under Lugonu
  2374 | D:3      | Reached XP level 5. HP: 18/42 MP: 5/7
  2725 | D:3      | Reached skill level 3 in Polearms
  2947 | D:3      | Noticed Terence
  2954 | D:3      | Killed Terence
  2996 | D:3      | Noticed Natasha
  3028 | D:3      | Killed Natasha
  3028 | D:3      | Reached skill level 1 in Shields
  3218 | D:3      | Found a runed translucent gate.
  3219 | D:3      | Found a runed translucent gate.
  3219 | D:3      | Found a runed translucent gate.
  3220 | D:3      | Noticed DerDa's ghost (amateur GnWn)
  3429 | D:4      | Noticed an ogre
  3513 | D:3      | Noticed Natasha
  3522 | D:3      | Killed Natasha
  3522 | D:3      | Reached XP level 6. HP: 23/48 MP: 8/8
  3693 | D:4      | Killed an ogre
  4233 | D:4      | Reached skill level 4 in Polearms
  4233 | D:4      | Reached XP level 7. HP: 53/55 MP: 9/9
  4342 | D:4      | Found a shimmering blue altar of Sif Muna.
  5438 | D:5      | Entered Level 5 of the Dungeon
  5445 | D:5      | Reached *** piety under Lugonu
  5555 | D:5      | Reached skill level 5 in Polearms
  5555 | D:5      | Reached XP level 8. HP: 43/61 MP: 9/11
  5567 | D:5      | Found Diubbu's Food Shop.
  5933 | D:5      | Found a staircase to the Ecumenical Temple.
  5948 | D:5      | Noticed Pikel
  5975 | D:5      | Killed Pikel
  5975 | D:5      | Reached skill level 5 in Fighting
  5975 | D:5      | Reached skill level 6 in Polearms
  6407 | D:5      | Found a bloodstained altar of Trog.
  6519 | D:5      | Found a sparkling altar of Nemelex Xobeh.
  6900 | D:5      | Found a bloodstained altar of Trog.
  6994 | D:6      | Found a blossoming altar of Fedhas.
  7018 | D:6      | Found a glowing golden altar of the Shining One.
  7084 | D:6      | Reached XP level 9. HP: 64/68 MP: 12/12
  7092 | D:6      | Reached skill level 7 in Polearms
  7092 | D:6      | Reached skill level 5 in Invocations
  7176 | D:6      | Found a stormy altar of Qazlal.
  8189 | D:6      | Found a shadowy altar of Dithmenos.
  8190 | D:6      | Found an ornate altar of the Wu Jian Council.
  8191 | D:6      | Found a hide-covered altar of Uskayaw.
  8377 | D:6      | Splashed by an orc wizard's acid

Illustrated notes

Levels and vault maps discovered:
D:1:      psy_arrival_terrarium, layout_loops_ring, minmay_cupped
D:2:      layout_loops_ring, xom_butterflies, ashenzari_altar_1,
          chequers_ecumenical_altar_grove
D:3:      layout_loops_corners, ebering_ghost_rock_garden, uniq_terence,
          uniq_natasha
D:4:      layout_basic, led_sif_book
D:5:      layout_loops_ring, lemuel_crystal_altar, lightli_temple_of_fire,
          minmay_temple_entry_wispy, first_ration, serial_shops,
          nicolae_shop_crystal, corexii_corridor_pit, trog_hazing_becter,
          uniq_pikel
D:6:      kennysheep_windowed_halls, layout_loops_corners,
          fedhas_ov_isle_minmay, minitemple, lemuel_round_altar,
          nicolae_qazlal_style_of_elements, corexii_shack

Skill      XL: |  1  2  3  4  5  6  7  8  9 |
---------------+----------------------------+-----
Fighting       | 4 5 |  5.3
Polearms       | 3 4 5 6 7 |  7.8
Shields        | 1 2 3 |  3.3
Invocations    | 3 4 5 |  5.2
Armour         | 3 4 |  4.7
Dodging        | 2 |  2.1

Action                   |  1- 3 |  4- 6 |  7- 9 || total
-------------------------+-------+-------+-------++-------
Melee: Spear             |   112 |   197 |   196 ||   505
       Halberd           |       |       |   114 ||   114
       Glaive            |       |       |    56 ||    56
Throw: Dart              |       |       |    18 ||    18
Invok: Depart the Abyss  |     1 |       |       ||     1
       Bend Space        |       |     2 |     5 ||     7
Evoke: Wand              |       |     3 |       ||     3
  Use: Scroll            |     6 |     2 |     7 ||    15
       Potion            |       |     3 |     5 ||     8
 Stab: Distracted        |     2 |       |       ||     2
  Eat: Chunk             |     3 |     7 |    11 ||    21
       Ration            |       |       |     1 ||     1
Armor: Ring mail         |    11 |       |       ||    11
       Leather armour    |     1 |       |       ||     1
       Chain mail        |    32 |    61 |   132 ||   225
Dodge: Dodged            |    26 |    37 |   181 ||   244
Block: Buckler           |       |    15 |       ||    15
       Kite shield       |       |    16 |    64 ||    80
